 Dungeon Crawl Stone Soup version 0.31.0-11-ge490571c62 (webtiles) character file.

Game seed: 8727002848404890513

211 qw the Shooter (level 5, -2/26 HPs)
             Began as a Spriggan Hunter on Feb 3, 2024.
             Incinerated by a bombardier beetle (4 damage)
             ... with a burning spray
             ... on level 4 of the Dungeon.
             The game lasted 00:00:12 (2370 turns).

qw the Shooter (Spriggan Hunter)                    Turns: 2370, Time: 00:00:12

Health: -2/26      AC:  2    Str:  7    XL:     5   Next: 57%
Magic:  6/6        EV: 20    Int: 10    God:
Gold:   159        SH:  0    Dex: 21    Spells: 4/4 levels left

rFire   . . .        a - +0 shortbow
rCold   . . .        (shield currently unavailable)
rNeg    + . .        c - +0 robe
rPois   .            (helmet restricted)
rElec   .            (no cloak)
rCorr   .            (gloves unavailable)
SInv    +            (boots unavailable)
Will    .....        (no amulet)
Stlth   +            h - ring of positive energy
HPRegen 0.24/turn    (no ring)
MPRegen 0.10/turn

%: no passive effects
@: on fire, glowing, very quick
A: very small, no large weapons, unfitting armour, see invisible, speed 3
a: no special abilities


You were on level 4 of the Dungeon.
You visited 1 branch of the dungeon, and saw 4 of its levels.

You collected 159 gold pieces.


Innate Abilities, Weirdness & Mutations

You are very small and have problems with some larger weapons.
You are too small for most types of armour.
You have supernaturally acute eyesight. (SInv)
You cover ground extremely quickly. (Speed+++)


   Skills:
 - Level 2.1 Fighting
 + Level 5.6 Ranged Weapons
 - Level 5.2 Dodging
 - Level 1.5 Stealth


You had 4 spell levels left.
You didn't know any spells.
Your spell library was empty.

Inventory:

Hand Weapons
 a - a +0 shortbow (weapon)
Armour
 c - a +0 robe (worn)
Jewellery
 h - a ring of positive energy (left hand)
Wands
 g - a wand of mindburst (13)
Scrolls
 d - a scroll of enchant armour
Potions
 b - a potion of heal wounds

Dungeon Overview and Level Annotations

Branches:
Dungeon (4/15)
 Temple: D:4-7

Altars:
Trog
Zin

Annotations:
D:3 3 runed translucent doors, qw's ghost, amateur DEHu


Message History

You shoot an arrow. The arrow hits the ball python!
You kill the ball python!
d - a scroll of enchant armour You see here a ball python corpse.
You open the door.
A bombardier beetle comes into view.
You shoot an arrow. The arrow hits the bombardier beetle!
The bombardier beetle is moderately wounded.
You shoot an arrow. The arrow hits the bombardier beetle.
The bombardier beetle is heavily wounded.
You shoot an arrow.
The arrow barely misses the bombardier beetle.
You shoot an arrow. The arrow hits the bombardier beetle.
The bombardier beetle is severely wounded.
You shoot an arrow. The arrow hits the bombardier beetle.
The bombardier beetle is severely wounded.
The bombardier beetle sprays incendiary fluid at you.
The burning spray hits you.
You are covered in liquid fire!
You shoot an arrow. The arrow hits the bombardier beetle.
The bombardier beetle is almost dead.
The liquid fire burns you!
You shoot an arrow.
The arrow hits the bombardier beetle but does no damage.
The bombardier beetle is almost dead.
The liquid fire burns you!
You shoot an arrow.
The arrow closely misses the bombardier beetle.
The liquid fire burns you!
You shoot an arrow. The arrow hits the bombardier beetle.
You kill the bombardier beetle!
The liquid fire burns you!
You feel your intelligence returning.
You are on fire!
The liquid fire burns you!
You are on fire!
The liquid fire burns you!
You are on fire!
The liquid fire burns you!
You die...

#.........#
#.........#
#.........#
#.........#
#.........#
#.........#
###.........# ##
.!.....@....## .
.##.###....%.#.#####
##'###.#......
#.###.....##
#.#####.......##
#.......####....
#.######........
#.#.#.###.#..
#.#.....# .


There were no monsters in sight!

Vanquished Creatures
  A bombardier beetle (D:4)
  Natasha (thrice) (D:3)
  2 adders
  5 dart slugs
  5 orcs
  8 ball pythons
  5 bats
  4 endoplasms
  5 giant cockroaches
  4 goblins
  2 hobgoblins (D:1)
  3 jackals (D:1)
  3 quokkas
  5 frilled lizards
  8 kobolds
  4 rats
67 creatures vanquished.

Notes
Turn   | Place    | Note
-------+----------+-------------------------------------------
     0 | D:1      | qw the Spriggan Hunter began the quest for the Orb.
     0 | D:1      | Reached XP level 1. HP: 10/10 MP: 2/2
     0 | D:1      | 0 ||| qw: Version: 0.3-a-157-g843a77d
     0 | D:1      | 0 ||| qw: Game counter: 3946
     0 | D:1      | 0 ||| qw: Melee chars always use a shield: true
     0 | D:1      | 0 ||| qw: God list: Okawaru
     0 | D:1      | 0 ||| qw: Allow faded altars: false
     0 | D:1      | 0 ||| qw: Do Orc after clearing Dungeon:15 true
     0 | D:1      | 0 ||| qw: Do second Lair branch before Depths: true
     0 | D:1      | 0 ||| qw: Lair rune preference: random
     0 | D:1      | 0 ||| qw: Goals: Normal
     0 | D:1      | 0 ||| PLANNING D:1-11
    26 | D:1      | Reached skill level 3 in Dodging
    41 | D:1      | Reached XP level 2. HP: 14/14 MP: 3/3
   237 | D:1      | Reached XP level 3. HP: 18/18 MP: 4/4
   845 | D:1      | 845 ||| READING scroll labelled YDEDEH VAXT.
   845 | D:1      | 845 ||| IDENTIFYING black potion
   846 | D:1      | 846 ||| DROPPING scroll of butterflies.
   847 | D:1      | 847 ||| DROPPING potion of brilliance.
  1268 | D:2      | 1268 ||| READING scroll of identify.
  1268 | D:2      | 1268 ||| IDENTIFYING sapphire potion
  1269 | D:2      | 1269 ||| READING scroll labelled FEMMUM YNUICW.
  1270 | D:2      | 1270 ||| DRINKING 2 ruby potions.
  1271 | D:2      | 1271 ||| DROPPING potion of degeneration.
  1285 | D:3      | 1285 ||| STAIRDANCE
  1291 | D:3      | 1291 ||| STAIRDANCE
  1310 | D:3      | 1310 ||| STAIRDANCE
  1315 | D:3      | 1315 ||| STAIRDANCE
  1318 | D:2      | Reached XP level 4. HP: 18/23 MP: 5/5
  1374 | D:3      | Found a runed translucent gate.
  1374 | D:3      | Found a runed translucent gate.
  1374 | D:3      | Found a runed translucent gate.
  1377 | D:3      | Noticed qw's ghost (amateur DEHu)
  1377 | D:3      | Noticed a kobold brigand
  1441 | D:3      | Found a glowing silver altar of Zin.
  1493 | D:3      | 1493 ||| FLEEEEING.
  1612 | D:3      | Noticed Natasha
  1618 | D:3      | Killed Natasha
  1650 | D:3      | Found a bloodstained altar of Trog.
  1666 | D:3      | Noticed Natasha
  1668 | D:3      | 1668 ||| ZAPPING wand of mindburst (15) at 6,7 (Natasha;
                  | floor).
  1669 | D:3      | 1669 ||| ZAPPING wand of mindburst (14) at 5,5 (Natasha;
                  | floor).
  1669 | D:3      | Killed Natasha
  1670 | D:3      | Reached XP level 5. HP: 26/26 MP: 6/6
  1716 | D:3      | Noticed Natasha
  1724 | D:3      | Killed Natasha
  1967 | D:3      | Found a faded altar of an unknown god.
  2106 | D:3      | 2106 ||| UPGRADING to ring of positive energy.
  2107 | D:3      | 2107 ||| READING scroll labelled ZISYETODUU.
  2108 | D:3      | 2108 ||| READING scroll labelled BIEDIL VYEMAMIECU.
  2108 | D:3      | 2108 ||| ENCHANTING +0 shortbow.
  2109 | D:3      | 2109 ||| READING scroll labelled XIALEL ZUDWORE.
  2210 | D:3      | 2210 ||| READING scroll labelled DUUSTR IBRUTSA.
  2211 | D:3      | 2211 ||| READING scroll labelled KAOFFAASASS.
  2213 | D:3      | 2213 ||| Stepping ~*~*~tactically~*~*~ (cloud).
  2369 | D:4      | HP: 2/26 [burnt (5)]
  2370 | D:4      | Incinerated by a bombardier beetle

Levels and vault maps discovered:
D:1:      tarquinn_simple_flora_water_a, layout_basic, kennysheep_crisscross
D:2:      layout_basic
D:3:      layout_basic, mainiacjoe_overflow_boulevard, zin_scriptorium,
          gammafunk_ghost_nasty_kobolds, hellmonk_ecumenical_altar_lost_god,
          serial_park_tiny_1, nicolae_elevator_lobby_asterisk, uniq_natasha
D:4:      layout_basic, nicolae_qazlal_eye_of_the_storm,
          mainiacjoe_overflow_big_doors, dreamdust_wishing_well,
          grunt_decor_fettered, uniq_duvessa, uniq_robin

Skill      XL: |  1  2  3  4 |
---------------+-------------+-----
Dodging        | 3 4 5 |  5.2
Ranged Weapons | 5 |  5.6
Fighting       | 2 |  2.1
Stealth        | |  1.5

Action                     |  1- 3 |  4- 6 || total
---------------------------+-------+-------++-------
   Fire: Shortbow          |   100 |    80 ||   180
  Evoke: Wand              |       |     2 ||     2
    Use: Scroll            |     3 |     5 ||     8
         Potion            |     1 |       ||     1
 Armour: Robe              |     7 |    10 ||    17
  Dodge: Dodged            |    22 |    25 ||    47

Table legend:
 A = Non-vault XP
 B = Vault XP
 C = Vault XP percentage of total XP
 D = Non-vault monster count
 E = Vault monster count
 F = Vault count percentage of total count
                 A         B        C        D         E       F
            +---------+---------+-------+---------+---------+-------
      Total |     269 |      33 |  10.9 |      66 |       1 |   1.5
            +---------+---------+-------+---------+---------+-------
        D:1 |      49 |       0 |   0.0 |      26 |       0 |   0.0
        D:2 |      47 |       0 |   0.0 |      17 |       0 |   0.0
        D:3 |     117 |      33 |  22.0 |      21 |       1 |   4.5
        D:4 |      56 |       0 |   0.0 |       2 |       0 |   0.0
            +---------+---------+-------+---------+---------+-------
